 Dungeon Crawl Stone Soup version 0.28-a0-895-g6e5f11bd55 (webtiles) character file.

Game seed: 14707335330362262486

30 Anon1729 the Chiller (level 3, -6/24 HPs)
             Began as a Demonspawn Ice Elementalist on Nov 22, 2021.
             Was a Follower of Qazlal.
             Killed by nerve-wracking pain
             ... invoked by Jessica
              (13 damage)
             ... on level 2 of the Dungeon.
             The game lasted 00:01:40 (2062 turns).

Anon1729 the Chiller (Demonspawn Ice Elementalist)  Turns: 2062, Time: 00:01:40

Health: -6/24      AC:  2    Str:  8    XL:     3   Next: 5%
Magic:  1/6        EV: 12    Int: 17    God:    Qazlal [*.....]
Gold:   33         SH:  5    Dex: 13    Spells: 5/6 levels left

rFire   . . .      SeeInvis .   (no weapon)
rCold   . . .      Faith    .   (no shield)
rNeg    . . .      Spirit   .   a - +0 robe
rPois   .          Reflect  .   (no helmet)
rElec   .          Harm     .   (no cloak)
rCorr   .          Rampage  .   (no gloves)
Will    +....                   (no boots)
Stlth   ++........              (no amulet)
HPRegen 0.08/turn               (no ring)
MPRegen 0.10/turn               (no ring)

@: slowed, very slow
A: foul stench 2, large bone plates 1, strong-willed 1
a: Renounce Religion


You were on level 2 of the Dungeon.
You worshipped Qazlal.
Qazlal was aware of your devotion.
You visited 1 branch of the dungeon, and saw 2 of its levels.

You collected 33 gold pieces.

Inventory:

Armour
 a - a +0 robe (worn)
Jewellery
 b - a ring of protection from cold
Scrolls
 c - a scroll of holy word {unknown}
 e - a scroll of teleportation {unknown}
 g - a scroll of enchant armour {unknown}


   Skills:
 + Level 2.2 Dodging
 + Level 2.3 Stealth
 + Level 2.3 Spellcasting
 + Level 3.8 Ice Magic
 + Level 0.1 Invocations


You had 5 spell levels left.
You knew the following spells:

 Your Spells              Type           Power      Damage    Failure   Level
a - Freeze                Ice            60%        1d8       3%          1

Your spell library contained the following spells:

 Spells                   Type           Power      Damage    Failure   Level
 Frozen Ramparts          Ice            30%        1d5       12%         3
 Ozocubu's Armour         Ice            15%        N/A       12%         3
 Gell's Gravitas          Tloc           1%         N/A       50%         3
 Teleport Other           Tloc           1%         N/A       50%         3
 Hailstorm                Conj/Ice       8%         3d4       63%         4
 Dispersal                Tloc           0%         N/A       100%        6


Dungeon Overview and Level Annotations

Branches:
Dungeon (2/15)

Altars:
Qazlal

Shops:
D:1 [

Annotations:
D:2 Jessica


Innate Abilities, Weirdness & Mutations

You sometimes emit foul miasma when damaged in melee.
You are partially covered in large bone plates. (SH +4)
You are strong-willed. (Will+)


Message History

You freeze Jessica.
Jessica is lightly wounded.
Jessica hits you with a +0 dagger of venom.
You are poisoned.
You freeze Jessica.
Jessica is heavily wounded.
You feel sick.
Jessica hits you with a +0 dagger of venom.
You are lethally poisoned!
Jessica points at you and mumbles some strange words.
You feel yourself slow down.
You freeze Jessica.
Jessica is almost dead.
You feel extremely sick. Jessica misses you.
Jessica hits you with a +0 dagger of venom.
* * * LOW HITPOINT WARNING * * *
You are too injured to fight recklessly!
You are too injured to fight recklessly!
Casting: Freeze (safe; 3% risk of failure)
Confirm with . or Enter, or press ? or * to list all spells.
You don't have enough magic to cast this spell.
Unknown command.
You aren't carrying any items that you can evoke.
It was a potion of mutation.
You feel extremely strange.
Large bone plates grow over parts of your arms.
You feel strong-willed.
* * * LOW HITPOINT WARNING * * *
You feel very sick. Jessica closely misses you. You block Jessica's attack.
It was a potion of curing.
You feel better.
Jessica gestures wildly while chanting.
Jessica blinks!
Jessica gestures at you while chanting. Pain shoots through your body!
* * * LOW HITPOINT WARNING * * *
Jessica gestures at you while chanting. Pain shoots through your body!
Ouch! That really hurt!
You die...

#.# ### #.# #..
########### #.# #.#
......>..####.# #.# #
#........ ...#######.#
#.#..##...###........#.#
..............#####....#
......○...@.........#...
#....@......###.#.....
........).###.# #.##.##.
.###.##...# #.###.#.....
#.##...# #...........
#.###### #.###.#..##† #
##.## #.# #.#.##..
#.##...### #.# #.#.##..
#........#####.#
#.#.##..
####...#....)..#
#.......


You could see Jessica (fast).

Vanquished Creatures
  A dart slug (D:1)
  An endoplasm (D:1)
  2 giant cockroaches (D:2)
  10 goblins
  4 hobgoblins
  A quokka (D:1)
  2 ball pythons (D:1)
  A frilled lizard (D:1)
  2 rats (D:1)
24 creatures vanquished.

Notes
Turn   | Place    | Note
-------+----------+-------------------------------------------
     0 | D:1      | Anon1729 the Demonspawn Ice Elementalist began the quest
                  | for the Orb.
     0 | D:1      | Reached XP level 1. HP: 13/13 MP: 3/3
    61 | D:1      | Found Nosuisun's Armour Boutique.
   478 | D:1      | Gained mutation: You may rarely emit foul miasma when
                  | damaged in melee. [demonic ancestry]
   478 | D:1      | Reached XP level 2. HP: 19/19 MP: 1/5
  1375 | D:1      | Found a faded altar of an unknown god.
  1383 | D:1      | Prayed at the altar of an unknown god.
  1383 | D:1      | Became a worshipper of Qazlal Stormbringer
  1383 | D:1      | Reached * piety under Qazlal
  2050 | D:2      | Noticed Jessica
  2055 | D:2      | Gained mutation: You sometimes emit foul miasma when
                  | damaged in melee. [demonic ancestry]
  2055 | D:2      | Reached XP level 3. HP: 24/24 MP: 4/6
  2060 | D:2      | Gained mutation: You are partially covered in large bone
                  | plates. (SH +4) [potion of mutation]
  2060 | D:2      | Gained mutation: You are strong-willed. (Will+) [potion of
                  | mutation]
  2062 | D:2      | Killed from afar by Jessica

Illustrated notes

Levels and vault maps discovered:
D:1:      dpeg_arrival_tiny_d, layout_rooms, serial_rivers,
          chequers_serial_rivers_large_a, chequers_serial_rivers_room_b,
          chequers_serial_rivers_small_a, chequers_serial_rivers_micro_e,
          serial_shops, nicolae_shop_window_shopping,
          hellmonk_ecumenical_altar_heavens_door
D:2:      layout_loops_ring, uniq_jessica

Skill      XL: |  1 |
---------------+----+-----
Stealth        | 2 |  2.3
Dodging        | 2 |  2.2
Spellcasting   | |  2.3
Ice Magic      | |  3.8
Invocations    | |  0.1

Action                   || total
-------------------------++-------
Melee: Unarmed           ||    69
 Cast: Freeze            ||    30
  Use: Potion            ||     2
 Stab: Sleeping          ||     1
Armor: Robe              ||     9
Dodge: Dodged            ||    48
Block: Other             ||     3

Table legend: (Time is in decaauts)
 A = Elapsed time spent in this place.
 B = Non-inter-level travel time spent in this place.
 C = Inter-level travel time spent in this place.
 D = Time resting spent in this place.
 E = Time spent auto-exploring this place.
 F = Levels seen in this place.
 G = Mean time per level.
                   A        B        C        D        E       F      G
               +--------+--------+--------+--------+--------+-----+--------+
         Total |   2073 |   2046 |     27 |    104 |   1719 |   2 | 1036.5 |
       Dungeon |   2073 |   2046 |     27 |    104 |   1719 |   2 | 1036.5 |
               +--------+--------+--------+--------+--------+-----+--------+

Top non-repeatable levels by time:
     D:1: 1818 daAuts
     D:2: 255 daAuts
